 Dungeon Crawl Stone Soup version 0.28.0-45-g0d030f2227 (webtiles) character file.

Game seed: 10576783308378119289

1572 issech the Cutter (level 8, -11/71 HPs)
             Began as a Troll Monk on Apr 14, 2022.
             Was a Believer of Hepliaklqana.
             Mangled by an ogre
             ... wielding a +0 giant club
              (19 damage)
             ... on level 7 of the Dungeon.
             The game lasted 00:21:17 (6103 turns).

issech the Cutter (Troll Monk)                      Turns: 6103, Time: 00:21:18

Health: -11/71     AC:  4    Str: 20    XL:     8   Next: 59%
Magic:  0/0        EV: 11    Int:  9    God:    Hepliaklqana [**....]
Gold:   424        SH:  0    Dex: 14    Spells: 7/7 levels left

rFire   + . .      SeeInvis .   k - +7 rapier of the Ecumenical Temple {vorpal, Drain rF+ Will++ MP-9 Int+3}
rCold   + . .      Faith    .   (no shield)
rNeg    + . .      Spirit   .   b - +0 robe
rPois   .          Reflect  .   (helmet restricted)
rElec   .          Harm     .   (no cloak)
rCorr   .          Rampage  .   (gloves unavailable)
Will    ++...                   (boots unavailable)
Stlth   ++........              w - amulet of regeneration
HPRegen 1.81/turn               q - ring of protection from cold
MPRegen 0.07/turn               t - ring of positive energy

@: no status effects
A: reduced essence, large, unfitting armour, claws 3, regeneration 1, shaggy fur
1, tough skin 1
a: Renounce Religion, Recall Ancestor, Ancestor Identity


You were on level 7 of the Dungeon.
You worshipped Hepliaklqana.
Hepliaklqana was pleased with you.
You visited 2 branches of the dungeon, and saw 8 of its levels.

You collected 424 gold pieces.

Inventory:

Hand Weapons
 a - a +0 mace
 d - a +0 rapier of draining
 k - the +7 rapier of the Ecumenical Temple (weapon) {vorpal, Drain rF+ Will++ MP-9 Int+3}
   (You found it on level 2 of the Dungeon)

   It inflicts extra damage upon your enemies.
   Int:       It affects your intelligence (+3).
   rF:        It protects you from fire.
   MP:        It affects your magic capacity (-9).
   Drain:     It drains your maximum health when unequipped.
   Will:      It greatly increases your willpower.
 u - a +0 vorpal long sword
 A - a +0 short sword of venom
 D - a +0 flail
 G - a +0 giant spiked club
 N - a +2 great sword of freezing
Missiles
 c - 253 stones
 e - 73 sling bullets
 i - 55 arrows
 v - 60 bolts
 y - 31 poisoned darts
 C - a curare-tipped dart
 E - a boomerang (quivered)
 H - 3 silver javelins
Armour
 b - a +0 robe (worn)
Jewellery
 q - a ring of protection from cold (left claw)
 t - a ring of positive energy (right claw)
 w - an amulet of regeneration (around neck)
 F - a ring of wizardry
 K - a ring of magical power
 M - an amulet of the acrobat
 P - an amulet of guardian spirit
 Q - a ring of wizardry
Wands
 B - a wand of iceblast (4)
Scrolls
 f - 2 scrolls of teleportation
 j - a scroll of holy word
 m - a scroll of summoning
 n - a scroll of immolation
 r - 2 scrolls of amnesia
 x - 2 scrolls of enchant weapon
 J - 2 scrolls of noise
 O - 3 scrolls of fear
 T - a scroll of vulnerability {unknown}
Potions
 g - 2 potions of curing {unknown}
 h - 4 potions of haste {unknown}
 l - a potion of berserk rage {unknown}
 o - 2 potions of heal wounds {unknown}
 p - 4 potions of attraction {unknown}
 s - a potion of might {unknown}
 z - a potion of lignification {unknown}
 I - a potion of resistance {unknown}
 L - a potion of brilliance {unknown}
 R - a potion of degeneration {unknown}
 S - a potion of invisibility {unknown}


   Skills:
 + Level 4.6 Fighting
 + Level 5.9 Short Blades
 + Level 3.5 Maces & Flails
 + Level 1.8 Throwing
 + Level 4.3 Dodging
 + Level 2.3 Stealth


You had 7 spell levels left.
You didn't know any spells.
Your spell library contained the following spells:

 Spells                   Type           Power      Damage    Failure   Level
 Foxfire                  Conj/Fire      0%         2x1d4     38%         1
 Blink                    Tloc           0%         N/A       52%         2
 Ensorcelled Hibernation  Hex/Ice        0%         N/A       52%         2
 Conjure Flame            Conj/Fire      0%         6-21      77%         3
 Inner Flame              Hex/Fire       0%         N/A       77%         3
 Ozocubu's Armour         Ice            0%         N/A       77%         3
 Spider Form              Tmut/Pois      0%         N/A       77%         3
 Anguish                  Hex/Necr       0%         N/A       99%         4
 Flame Wave               Conj/Fire      0%         2d4       99%         4
 Manifold Assault         Tloc           0%         N/A       100%        5
 Metabolic Englaciation   Hex/Ice        0%         N/A       100%        5
 Simulacrum               Ice/Necr       0%         N/A       100%        6
 Storm Form               Tmut/Air       0%         N/A       100%        7


Dungeon Overview and Level Annotations

Branches:
Dungeon (7/15)             Temple (1/1) D:6

Altars:
Ashenzari
Cheibriados
Dithmenos
Elyvilon
Fedhas
Gozag
Hepliaklqana
Kikubaaqudgha
Makhleb
Nemelex Xobeh
Okawaru
Ru
Sif Muna
Trog
Uskayaw
Vehumet
Wu Jian
Xom
Yredelemnul
Zin
The Shining One

Portals:
Bailey: D:7


Innate Abilities, Weirdness & Mutations

Your life essence is reduced to manifest your ancestor. (-10% HP)
You are too large for most types of armour.
You have claws for hands.
Your natural rate of healing is unusually fast.
You are covered in fur. (AC +1)
You have tough skin. (AC +1)


Message History

The orc warrior shouts!
The orc shouts!
You puncture the gnoll!
You kill the gnoll!
You hear a shout!
You puncture the orc!
You kill the orc!
A hobgoblin comes into view.
The gnoll sergeant hits you from afar with a +0 trident.
The goblin hits you with a +0 hand axe.
Things that are here:
a +0 falchion; a +0 halberd You puncture the gnoll!
The gnoll is heavily wounded.
The gnoll sergeant splashes around in the water.
The goblin hits you with a +0 hand axe.
The goblin barely misses Cenhelm.
Cenhelm closely misses the goblin.
The gnoll misses you.
You barely miss the gnoll.
The gnoll is heavily wounded.
The gnoll sergeant closely misses you. The goblin hits you with a +0 hand axe.
The goblin hits Cenhelm with a +0 hand axe.
You hit the gnoll.
You kill the gnoll!
Cenhelm closely misses the goblin.
The ogre hits you with a +0 giant club!!
The gnoll sergeant hits you from afar with a +0 trident!
The orc throws a boomerang.
The boomerang hits you but does no damage.
The goblin splashes around in the water.
You closely miss the orc warrior.
The orc warrior hits you with a +0 mace!
* * * LOW HITPOINT WARNING * * *
Cenhelm hits the goblin with a +0 quarterstaff!
The goblin dies!
You hear a splash.
The gnoll sergeant hits you from afar with a +0 trident!
* * * LOW HITPOINT WARNING * * *
The orc throws a boomerang.
The boomerang hits you but does no damage.
The ogre hits you with a +0 giant club!!
You die...

######..###.##.##.##.#
........# #.##.##.##.#
........###....##.##.#
#....######.##.# #
#..#.# #.##.. #[####
#..#.# #.....
......##..#.#### #..
##.##gOo#).......
.....o)@o.##.....
≈≈≈≈gg)R..#######
≈≈≈≈≈o≈≈..#
##'''##≈.## #.... #≈.#
#∩.. #≈.# ### #≈.#
≈≈.#


You could see the friendly Cenhelm the battlemage, an orc warrior, an ogre, a
gnoll sergeant, 3 orcs, a hobgoblin and a goblin.

Vanquished Creatures
  2 black bears
  An ogre (D:5)
  2 phantoms
  A kobold brigand (D:4)
  A wyvern zombie (D:6)
  A scorpion (D:4)
  A wyvern skeleton (D:6)
  4 wights (D:7)
  A bullfrog zombie (D:6)
  3 hounds
  4 orc priests (D:6)
  2 jellies
  An iguana (D:6)
  2 orc wizards
  A killer bee zombie (D:4)
  2 gnolls (D:7)
  3 adders
  2 white imps (D:6)
  An ufetubus (D:6)
  2 worms
  2 dart slugs
  8 orcs
  5 endoplasms
  4 giant cockroaches
  6 goblins
  2 hobgoblins
  7 jackals
  23 kobolds
  A quokka (D:1)
  6 ball pythons
  4 bats
  4 frilled lizards
  7 rats
116 creatures vanquished.

Vanquished Creatures (collateral kills)
  A water moccasin (D:6)
  A wight (D:7)
  An orc wizard (D:6)
  A gnoll (D:7)
  A river rat (D:6)
  An orc (D:6)
  A goblin (D:7)
7 creatures vanquished.

Vanquished Creatures (others)
  56 plants (D:4)
56 creatures vanquished.

Grand Total: 179 creatures vanquished

Notes
Turn   | Place    | Note
-------+----------+-------------------------------------------
     0 | D:1      | issech the Troll Monk began the quest for the Orb.
     0 | D:1      | Reached XP level 1. HP: 22/22 MP: 0/0
   162 | D:1      | Reached XP level 2. HP: 29/29 MP: 1/1
   953 | D:2      | Identified the +7 rapier of the Ecumenical Temple {vorpal,
                  | Drain rF+ Will++ MP-9 Int+3}
  1003 | D:2      | Reached XP level 3. HP: 36/36 MP: 2/2
  1143 | D:2      | Found a faded altar of an unknown god.
  1741 | D:3      | Reached XP level 4. HP: 39/44 MP: 0/3
  2340 | D:4      | Reached skill level 1 in Throwing
  2343 | D:4      | Noticed a black bear
  2351 | D:4      | Killed a black bear
  2352 | D:4      | Reached skill level 1 in Short Blades
  2352 | D:4      | Reached XP level 5. HP: 53/53 MP: 0/4
  2432 | D:4      | Noticed a phantom
  2434 | D:4      | Reached skill level 2 in Short Blades
  2434 | D:4      | Reached XP level 6. HP: 50/61 MP: 0/5
  3139 | D:4      | Reached skill level 3 in Short Blades
  3632 | D:5      | Entered Level 5 of the Dungeon
  3658 | D:5      | Reached XP level 7. HP: 59/68 MP: 0/6
  4092 | D:5      | Reached skill level 4 in Short Blades
  4906 | D:6      | Found a staircase to the Ecumenical Temple.
  4937 | D:6      | Reached XP level 8. HP: 31/78 MP: 0/7
  4952 | Temple   | Entered the Ecumenical Temple
  5128 | Temple   | Became a worshipper of Hepliaklqana the Forgotten
  5128 | Temple   | Reached * piety under Hepliaklqana
  5128 | Temple   | Reached ** piety under Hepliaklqana
  5129 | Temple   | Remembered your ancestor Cenhelm as a battlemage
  5220 | D:6      | Reached skill level 5 in Short Blades
  5302 | D:6      | Found a snail-covered altar of Cheibriados.
  6096 | D:7      | Found a flagged portal.
  6103 | D:7      | Mangled by an ogre

Illustrated notes

Levels and vault maps discovered:
D:1:      dpeg_arrival_yet_another_circle, layout_basic, kennysheep_crisscross
D:2:      layout_basic, shapermc_ecumenical_altar_mp_vishouse,
          chequers_serial_rivers_small_b, minmay_hedge_maze
D:3:      layout_loops_ring, minmay_crystal_water
D:4:      kennysheep_kobold_camp, layout_loops_corners, chequers_mini_garden,
          lightli_corner_chamber
D:5:      layout_basic
D:6:      layout_basic, mainiacjoe_overflow_surrounded_room,
          minmay_temple_entry_purple_smoke, portal_sewer_entry_a, minivault_10,
          st_stairs_14
D:7:      layout_loops_ring, enter_bailey_4
Temple:   mainiacjoe_temple_cubbyholes

Skill      XL: |  1  2  3  4  5  6  7  8 |
---------------+-------------------------+-----
Maces & Flails | 3 |  3.5
Dodging        | 3 4 |  4.3
Fighting       | 3 4 |  4.6
Throwing       | 1 |  1.8
Short Blades   | 1 2 3 4 5 |  5.9
Stealth        | 2 |  2.3

Action                   |  1- 3 |  4- 6 |  7- 9 || total
-------------------------+-------+-------+-------++-------
Melee: Mace              |    77 |       |       ||    77
       Punch             |     2 |     6 |       ||     8
       Rapier            |    22 |   265 |    98 ||   385
Throw: Stone             |    39 |       |     2 ||    41
       Boomerang         |       |       |     5 ||     5
Invok: Ancestor Life: Ba |       |       |     1 ||     1
  Use: Scroll            |       |       |     9 ||     9
 Stab: Sleeping          |     2 |       |     2 ||     4
Armor: Robe              |    48 |    30 |    22 ||   100
Dodge: Dodged            |    77 |    57 |    56 ||   190
